Map: Deathaura LE

Players

uwuThermal (uThermal) - Winner!

  • Race: Terran Terran
  • Spawn Location: 5:00

PtitDrogo

  • Race: Protoss Protoss
  • Spawn Location: 11:00

Event: DreamHack SC2 Masters 2020 Winter

VOD

Have the link to the VOD?

Description

Time

  • Played on: Nov. 1, 2020, 1:27 p.m.
  • Length: 19:32

All games in this series

Show
View Real Time Build Order
Export as new Build Order

uwuThermal Terran - Winner!

Build Orders: Reaper Expand, Banshee Rush 

Get SALT Encoding   

  12  0:00  SCV  
  13  0:12  SCV  
  14  0:16  Supply Depot  
  14  0:24  SCV  
  15  0:38  SCV  
  15  0:39  Barracks  
  16  0:43  Refinery  
  16  0:50  SCV  
  17  1:02  SCV  
  18  1:14  SCV  
  19  1:26  Reaper, Orbital Command  
  20  1:46  Command Center  
  20  1:52  SCV, Supply Depot  
  21  1:58  Marine  
  22  2:04  SCV  
  23  2:08  Factory  
  23  2:16  SCV  
  23  2:19  Bunker  
  23  2:21  Barracks Reactor  
  24  2:28  SCV  
  25  2:32  Refinery  
  25  2:40  SCV  
  26  2:52  Hellion  
  26  2:53  SCV  
  26  2:58  Marine x2  
  29  3:03  Starport  
  29  3:05  SCV, Orbital Command  
  31  3:16  Marine x2  
  31  3:17  SCV  
  34  3:21  Factory Tech Lab  
  34  3:29  SCV  
  34  3:31  SCV  
  34  3:34  Marine x2  
  38  3:41  SCV  
  38  3:42  Supply Depot  
  38  3:43  SCV  
  38  3:46  Factory Tech Lab  
  38  3:48  Banshee  
  43  3:49  Cloaking Field  
  43  3:51  Marine  
  43  3:52  Marine  
  43  3:53  SCV  
  46  3:58  Supply Depot  
  46  4:03  SCV  
  46  4:05  SCV  
  48  4:10  Marine, Siege Tank  
  48  4:11  Marine  
  48  4:15  SCV, Supply Depot  
  54  4:20  SCV  
  55  4:27  SCV  
  55  4:28  Marine x2  
  58  4:31  Banshee  
  58  4:32  SCV  
  58  4:38  Bunker  
  62  4:39  Supply Depot  
  62  4:40  SCV  
  63  4:46  Marine x2  
  63  4:51  Siege Tank  
  66  4:53  SCV x2  
  68  5:04  Marine x2  
  68  5:05  SCV, Command Center  
  71  5:11  SCV, Supply Depot  
  72  5:17  SCV  
  72  5:20  Refinery  
  73  5:21  Refinery  
  73  5:22  Marine x2  
  73  5:25  SCV  
  76  5:29  SCV  
  76  5:34  Supply Depot  
  80  5:38  Raven  
  80  5:42  SCV  
  80  5:44  SCV, Barracks  
  80  5:45  Barracks  
  80  5:48  Marine x2  
  83  5:54  SCV  
  83  5:56  SCV  
  82  6:06  SCV, Marine  
  82  6:08  SCV  
  82  6:11  Marine  
  79  6:12  Siege Tank  
  69  6:20  Orbital Command  
  69  6:22  SCV  
  69  6:23  Engineering Bay, Marine  
  69  6:24  Engineering Bay  
  66  6:26  SCV  
  66  6:29  Marine  
  68  6:34  Starport Reactor  
  68  6:37  SCV  
  69  6:41  Stimpack, Marauder, Marine  
  69  6:42  Orbital Command  
  69  6:46  SCV, Marine  
  73  6:51  Terran Infantry Weapons Level 1, Terran Infantry Armor Level 1  
  73  6:52  SCV  
  73  6:53  Factory Reactor  
  73  6:54  Combat Shield, Marauder  
  75  6:59  SCV, Marine  
  79  7:01  Barracks x2  
  79  7:04  SCV  
  79  7:05  Marine  
  79  7:06  Marauder  
  79  7:08  SCV  
  84  7:11  SCV, Bunker  
  84  7:13  Medivac  
  84  7:14  Medivac  
  89  7:15  Marine  
  89  7:16  SCV  
  89  7:17  Marine  
  89  7:20  SCV  
  89  7:21  Supply Depot  
  93  7:23  SCV  
  93  7:27  Marauder, Refinery, Marine  
  93  7:28  SCV, Supply Depot  
  98  7:32  SCV, Widow Mine x2  
  98  7:34  Marauder  
  98  7:35  SCV, Marine  
  98  7:36  Refinery  
  107  7:37  Supply Depot  
  107  7:40  SCV  
  107  7:43  Missile Turret  
  107  7:44  SCV, Missile Turret  
  107  7:46  Medivac x2  
  107  7:47  SCV  
  113  7:52  SCV, Bunker  
  113  7:53  Widow Mine x2  
  113  7:55  Marauder  
  113  7:56  SCV  
  118  8:04  Bunker, Marine x2  
  118  8:05  Marauder, Barracks Tech Lab x2  
  122  8:10  Armory  
  122  8:14  Missile Turret, Widow Mine  
  122  8:15  Missile Turret  
  124  8:20  Supply Depot  
  124  8:29  Supply Depot  
  124  8:30  Supply Depot  
  124  8:33  Viking x2  
  124  8:34  Marauder x2  
  132  8:42  Marauder x2  
  132  8:43  Command Center  
  132  8:47  Ghost Academy  
  136  8:48  Supply Depot  
  135  8:56  Marauder x2  
  135  8:58  Marine x2  
  135  8:59  Terran Infantry Armor Level 2, Terran Infantry Weapons Level 2  
  135  9:01  Terran Ship Weapons Level 1  
  141  9:04  Marauder  
  141  9:06  Viking x2  
  147  9:11  Supply Depot, Sensor Tower  
  147  9:12  Concussive Shells, Marine  
  147  9:16  Marine x2  
  150  9:17  Marauder  
  150  9:23  Enhanced Shockwaves  
  152  9:25  Marauder, Marine  
  152  9:30  Starport  
  152  9:31  Marauder  
  157  9:40  Command Center  
  157  9:41  Viking  
  157  9:43  Viking  
  161  9:48  Supply Depot  
  161  9:50  Ghost x2  
  165  9:52  Marine  
  165  9:53  Marine  
  165  9:55  Supply Depot  
  165  9:57  Supply Depot  
  167  10:06  SCV x3  
  170  10:07  Viking x2  
  170  10:09  Ghost  
  168  10:16  Missile Turret  
  168  10:18  SCV x3  
  171  10:23  Ghost  
  171  10:24  Marauder, Marine  
  176  10:29  Planetary Fortress  
  176  10:30  SCV x3  
  176  10:33  Missile Turret  
  176  10:35  Missile Turret, Marine  
  179  10:36  Marauder  
  179  10:38  Marauder  
  179  10:42  Viking x2  
  188  10:47  Marine x2  
  188  10:48  Refinery  
  188  10:49  Refinery  
  190  10:56  Marauder, Marine  
  193  10:57  Marauder  
  193  10:59  Marine  
  193  11:01  Orbital Command  
  187  11:16  Marine  
  187  11:17  Marauder, Marine  
  187  11:18  Marauder  
  188  11:23  Marauder, Marine  
  185  11:36  Viking  
  156  11:51  Marine  
  156  11:52  Marauder  
  137  11:55  Marine x2  
  137  11:56  Marauder x2, Liberator  
  137  11:59  Terran Infantry Weapons Level 3, Terran Infantry Armor Level 3  
  135  12:05  Barracks  
  135  12:06  Barracks  
  135  12:08  Command Center, Barracks  
  135  12:09  Marine  
  135  12:12  Terran Ship Weapons Level 2, Fusion Core  
  135  12:13  Marauder, Marine  
  135  12:14  Marauder  
  141  12:16  Medivac x2  
  141  12:17  Marauder, Marine  
  148  12:24  Bunker  
  148  12:27  Marine  
  149  12:31  Marine  
  149  12:34  Marauder  
  149  12:35  Marauder, Command Center, Marine  
  155  12:39  Marauder  
  155  12:42  Medivac x2  
  161  12:44  Marine, Sensor Tower  
  161  12:49  Marine  
  161  12:51  Viking  
  165  12:52  Viking  
  165  12:53  Marauder  
  165  12:55  Barracks Tech Lab  
  165  12:56  Barracks Reactor, Marauder, Marine, Barracks Tech Lab  
  172  12:59  Marine  
  172  13:01  Advanced Ballistics  
  172  13:03  Marine  
  174  13:07  Marine  
  175  13:14  Marauder x2  
  175  13:18  Viking x2  
  183  13:20  Marauder, Marine  
  183  13:22  Marine  
  183  13:23  Marauder x2  
  191  13:27  Marine  
  192  13:35  Ghost, Marine  
  192  13:36  Marauder  
  192  13:38  Marauder, Marine  
  192  13:39  Sensor Tower  
  200  13:47  Personal Cloaking  
  200  13:49  Orbital Command  
  200  13:55  Planetary Fortress  
  200  13:56  Missile Turret  
  200  14:14  Command Center  
  200  14:20  Marine  
  197  14:33  Marine  
  197  14:36  Marine  
  200  14:41  Liberator x3  
  200  14:58  Command Center  
  200  15:00  Command Center  
  200  15:16  Neosteel Armor  
  200  15:17  Hi-Sec Auto Tracking  
  200  15:27  Orbital Command  
  200  15:32  Marauder x5  
  200  15:33  Liberator x3  
  198  15:49  Liberator  
  197  15:51  Marine  
  197  15:52  Marauder  
  187  16:06  Marauder, Marine  
  187  16:08  Marauder x2  
  186  16:14  Marine x3  
  186  16:15  Marauder x3, Liberator  
  186  16:16  Orbital Command, Liberator  
  200  16:23  Marine  
  191  16:42  Marine x3, Liberator  
  191  16:43  Marauder x3, Liberator  
  199  16:51  Marauder  
  199  16:52  Marauder x2, Marine  
  191  16:58  Liberator x2  
  191  17:00  Marine x3  
  197  17:04  Marauder x2  
  162  17:22  Orbital Command  
  162  17:23  Marine  
  162  17:24  Marauder, Marine x2, Liberator  
  162  17:25  Marauder x2  
  162  17:26  Liberator  
  169  17:31  Marauder, Marine  
  169  17:35  Marauder, Marine  
  170  17:41  Marine, Liberator x2  
  170  17:42  Marine x2  
  179  17:45  Marauder  
  179  17:46  Marauder x2  
  179  17:49  Marine  
  186  17:53  Marauder x2  
  186  17:56  Marine  
  191  17:59  Marine  
  191  18:00  Marine x2  
  188  18:07  Marauder x3, Marine, Liberator  
  189  18:13  Liberator  
  189  18:14  Marauder  
  189  18:17  Marine  
  189  18:18  Marauder x2, Marine  
  198  18:20  Marine  
  199  18:28  Marauder  
  199  18:31  Marine  
  199  18:47  Command Center  
  198  18:59  Viking  
  198  19:00  Viking x2  
  191  19:04  Marine x2  
  191  19:05  Marauder x2  
Show
View Real Time Build Order
Export as new Build Order

PtitDrogo Protoss 

Build Orders: 1 Gate Expand, Blink Stalkers, Colossus Rush 

Get SALT Encoding   

  12  0:00  Probe  
  13  0:12  Probe  
  14  0:17  Pylon  
  14  0:24  Probe  
  15  0:35  Gateway  
  15  0:36  Probe (Chrono Boost)  
  16  0:46  Probe (Chrono Boost), Assimilator  
  17  0:51  Probe (Chrono Boost)  
  18  1:03  Probe  
  19  1:15  Probe  
  20  1:22  Cybernetics Core  
  20  1:32  Nexus  
  20  1:39  Pylon  
  20  1:42  Probe  
  21  1:48  Assimilator  
  22  1:54  Probe  
  22  1:55  Adept (Chrono Boost)  
  24  2:03  Shield Battery  
  24  2:07  Probe  
  25  2:13  Warp Gate  
  25  2:16  Adept (Chrono Boost)  
  25  2:19  Probe  
  29  2:37  Twilight Council, Probe (Chrono Boost)  
  29  2:45  Probe (Chrono Boost)  
  29  2:47  Stalker  
  33  2:54  Probe (Chrono Boost)  
  33  2:55  Probe (Chrono Boost)  
  34  3:00  Probe x2 (Chrono Boost)  
  36  3:06  Robotics Facility  
  36  3:12  Probe (Chrono Boost)  
  38  3:17  Probe (Chrono Boost)  
  38  3:23  Probe (Chrono Boost)  
  38  3:24  Gateway, Blink (Chrono Boost)  
  40  3:27  Probe (Chrono Boost)  
  40  3:28  Probe (Chrono Boost)  
  41  3:37  Gateway  
  41  3:39  Probe (Chrono Boost)  
  41  3:40  Probe (Chrono Boost)  
  43  3:43  Pylon  
  43  3:50  Assimilator  
  43  3:52  Probe (Chrono Boost), Assimilator  
  45  3:56  Probe (Chrono Boost), Observer  
  45  4:00  Probe (Chrono Boost)  
  45  4:02  Probe  
  48  4:04  Stalker  
  48  4:05  Pylon  
  50  4:13  Probe  
  50  4:15  Probe  
  52  4:20  Observer  
  53  4:25  Probe, Stalker, Pylon  
  53  4:27  Probe  
  57  4:37  Robotics Bay  
  57  4:38  Probe  
  58  4:40  Pylon  
  58  4:48  Nexus  
  58  4:53  Stalker x2  
  58  4:55  Probe  
  58  4:57  Probe  
  64  5:07  Probe  
  64  5:09  Probe  
  65  5:19  Probe  
  65  5:20  Shield Battery, Colossus (Chrono Boost)  
  66  5:22  Probe  
  66  5:28  Stalker, Pylon  
  73  5:29  Stalker  
  73  5:31  Probe  
  78  5:38  Charge, Pylon  
  78  5:46  Probe x2  
  78  5:48  Sentry  
  82  5:52  Stalker x2  
  86  5:58  Probe x2  
  86  6:00  Pylon  
  86  6:01  Probe  
  86  6:03  Shield Battery  
  89  6:10  Probe  
  76  6:26  Probe x2 (Chrono Boost)  
  76  6:27  Probe (Chrono Boost), Colossus  
  76  6:29  Extended Thermal Lance  
  85  6:34  Forge  
  85  6:35  Probe (Chrono Boost), Forge  
  85  6:37  Probe (Chrono Boost)  
  87  6:40  Probe x2 (Chrono Boost), Stalker x2  
  87  6:43  Pylon  
  93  6:47  Probe  
  93  6:48  Templar Archives  
  94  6:57  Stalker  
  96  7:03  Probe  
  96  7:05  Probe  
  96  7:06  Stalker x2  
  96  7:08  Probe  
  103  7:13  Protoss Ground Armor Level 1 (Chrono Boost), Protoss Ground Weapons Level 1 (Chrono Boost)  
  103  7:15  Probe, Assimilator x2  
  104  7:27  Gateway  
  104  7:28  Gateway  
  104  7:29  Gateway  
  104  7:31  Gateway  
  104  7:32  Gateway, Colossus (Chrono Boost)  
  104  7:35  Gateway  
  110  7:54  Pylon  
  110  7:59  Nexus  
  110  8:01  Pylon  
  110  8:11  Robotics Facility  
  110  8:15  Disruptor (Chrono Boost)  
  113  8:23  High Templar x2  
  113  8:24  Pylon  
  113  8:25  Zealot x2, High Templar x2  
  125  8:28  Archon  
  125  8:29  Archon  
  125  8:31  Probe x3  
  125  8:32  Pylon  
  128  8:35  Photon Cannon  
  128  8:37  Shield Battery, Pylon  
  128  8:43  Zealot x3  
  128  8:45  Disruptor  
  128  8:46  Zealot x2  
  141  8:53  Protoss Ground Weapons Level 2 (Chrono Boost), Protoss Ground Armor Level 2 (Chrono Boost)  
  141  8:59  Disruptor  
  141  9:00  Photon Cannon  
  144  9:04  Zealot x5  
  154  9:16  Photon Cannon  
  154  9:18  Shield Battery  
  154  9:21  Probe x3  
  157  9:24  Disruptor  
  160  9:40  Photon Cannon  
  160  9:42  Photon Cannon x2  
  160  9:43  Disruptor  
  163  9:47  High Templar x2  
  163  9:48  Zealot x3  
  163  9:51  Archon  
  173  9:58  Pylon  
  173  9:59  Disruptor  
  173  10:01  Assimilator  
  173  10:06  High Templar x2  
  180  10:07  Assimilator  
  180  10:18  High Templar  
  180  10:19  Pylon  
  180  10:20  Pylon, Zealot x3  
  188  10:24  Archon  
  186  10:30  High Templar  
  188  10:46  Nexus  
  188  10:48  Pylon  
  188  10:51  Warp Prism  
  188  10:52  Pylon, Photon Cannon, Disruptor  
  188  10:54  Archon  
  193  11:03  Stalker x4  
  169  11:25  Stalker x5  
  171  11:26  Zealot x4  
  171  11:30  Protoss Ground Weapons Level 3 (Chrono Boost)  
  179  11:43  Protoss Ground Armor Level 3 (Chrono Boost)  
  153  11:48  Zealot x7  
  153  11:49  Stalker x2  
  112  11:54  Colossus x2 (Chrono Boost)  
  112  12:00  Zealot x9  
  121  12:20  Sentry  
  121  12:21  High Templar x3  
  121  12:22  Zealot x4, High Templar  
  137  12:27  Archon x2  
  139  12:32  Photon Cannon  
  139  12:33  Shield Battery  
  139  12:37  Assimilator, Disruptor (Chrono Boost)  
  139  12:38  Disruptor (Chrono Boost)  
  139  12:39  Assimilator  
  145  12:48  Probe  
  146  12:54  Stalker x3  
  146  12:55  High Templar  
  146  12:56  Zealot, High Templar x3  
  146  12:57  Zealot  
  164  12:59  Archon  
  164  13:00  Probe, Archon  
  164  13:04  Disruptor (Chrono Boost)  
  168  13:12  Probe x2  
  166  13:14  Probe  
  166  13:15  Probe, Disruptor (Chrono Boost)  
  166  13:16  Probe  
  171  13:28  Photon Cannon  
  171  13:29  Disruptor (Chrono Boost)  
  171  13:30  Shield Battery  
  174  13:36  Probe x2  
  176  13:42  Disruptor (Chrono Boost)  
  177  13:55  Photon Cannon  
  177  13:57  Shield Battery  
  177  13:58  Protoss Shields Level 1 (Chrono Boost), Pylon  
  177  14:02  Stalker x3, Zealot x5  
  191  14:03  Zealot  
  195  14:11  Dark Shrine  
  195  14:13  Stargate  
  195  14:15  Gateway  
  195  14:18  Gateway  
  195  14:20  Gateway  
  189  14:37  Zealot x9, Disruptor (Chrono Boost)  
  200  14:46  Warp Prism (Chrono Boost)  
  200  15:01  Fleet Beacon  
  200  15:17  Stargate  
  200  15:19  Stargate  
  198  15:32  Zealot x2  
  197  15:49  Zealot x2  
  177  15:50  Zealot x5  
  177  15:54  Stalker x2  
  177  16:06  Stalker x3  
  167  16:13  Stalker x7  
  167  16:15  Probe  
  180  16:25  Stalker x2  
  184  16:30  Zealot x3  
  179  16:41  Probe  
  179  16:43  Zealot x7  
  148  16:55  Zealot x5  
  156  17:04  Stalker x2  
  156  17:05  Stalker, Zealot x4  
  120  17:17  Stalker x5  
  120  17:18  Probe  
  96  17:29  Zealot x5  
  98  17:34  High Templar x7  
  98  17:38  Archon x3  
  98  17:40  High Templar x5  
  101  17:44  Archon x2  
  101  17:46  Archon  
  98  18:06  Dark Templar x5  
  94  18:14  High Templar x3  
  94  18:15  High Templar x4  
  94  18:19  Archon x3  
  102  18:22  Tempest x2 (Chrono Boost)  
  108  18:40  Dark Templar x3  
  101  18:44  Zealot  
  97  18:57  Dark Templar x3  
  97  18:58  Zealot x4  
  97  19:00  Probe  
  97  19:02  Probe  
  107  19:09  Dark Templar  
Tags
 
Add a new tag
Caveats
  • Supply blocks, unpowered buildings, or Contaminate may cause inaccurate times.
  • Supply counts are checked every 10 seconds.